[Event "ICC tourney 2411 (45 10)"]
[Site "Internet Chess Club"]
[Date "2021.02.27"]
[Round "3"]
[White "RALLS, GREG:GRPianoman"]
[Black "MORE, NIKUNJ:Nikunjmore"]
[Result "0-1"]
[ICCResult "White resigns"]
[WhiteElo "987"]
[BlackElo "774"]
[Opening "French defense"]
[ECO "C00"]
[NIC "FR.01"]
[Time "16:02:49"]
[PlyCount "82"]
[TimeControl "2700+10"]

1. e4 e6 2. Nf3 d5 3. d4 dxe4 4. Ne5 f6 5. Nc4 e5 6. Be3 exd4 7. Bxd4 Nc6
8. c3 Nxd4 9. cxd4 c5 10. d5 Ne7 11. Nc3 Be6 12. dxe6 Qxd1+ 13. Rxd1 Rd8
14. Rxd8+ Kxd8 15. Nxe4 f5 16. Nxc5 Kc7 17. Bd3 g6 18. O-O Nd5 19. Re1 Bxc5
20. Re5 Kc6 21. Na5+ Kd6 22. Nc4+ Kc6 23. a3 b6 24. b4 Bd6 25. Nxd6 Kxd6
26. Re1 Re8 27. Bc4 Rxe6 28. Rxe6+ Kxe6 29. b5 Kd6 30. a4 Nc3 31. Bg8 h6
32. Bh7 Nxa4 33. Bxg6 f4 34. f3 Nc3 35. h4 Nxb5 36. Kf2 a5 37. g3 fxg3+ 38.
Kxg3 a4 39. Bf7 Nc3 40. f4 b5 41. f5 b4 { White resigns } 0-1

[Event "ICC tourney 2411 (45 10)"]
[Site "Internet Chess Club"]
[Date "2021.02.27"]
[Round "3"]
[White "GUO, RYAN:SMILERG"]
[Black "VALIVETI, SRIRAMSIMHA:svaliveti"]
[Result "0-1"]
[ICCResult "White checkmated"]
[WhiteElo "1283"]
[BlackElo "453"]
[Opening "Queen's bishop game"]
[ECO "D02"]
[NIC "QP.08"]
[Time "16:02:51"]
[PlyCount "112"]
[TimeControl "2700+10"]

1. d4 d5 2. Nf3 Nf6 3. Bf4 e6 4. e3 Be7 5. Bd3 O-O 6. O-O c5 7. c3 cxd4 8.
cxd4 b6 9. Nc3 Na6 10. Qe2 Nb4 11. a3 Nxd3 12. Qxd3 a5 13. Nb5 Ba6 14. Qb3
Qd7 15. Nc7 Bxf1 16. Nxa8 Bc4 17. Qxb6 Rxa8 18. Ne5 Qd8 19. Nxc4 dxc4 20.
Bc7 Qe8 21. Rc1 h6 22. Rxc4 Nd5 23. Qb7 Nxc7 24. Rxc7 Bf6 25. Rxf7 Rb8 26.
Qa7 Rxb2 27. h3 Rb1+ 28. Kh2 Qb8+ 29. Qxb8+ Rxb8 30. Ra7 Rb2 31. Rxa5 Rxf2
32. Ra8+ Kh7 33. a4 Ra2 34. a5 Bg5 35. a6 Bxe3 36. Kg3 Bxd4 37. Kf3 e5 38.
g4 Ra3+ 39. Kg2 e4 40. h4 e3 41. Kf1 Ra2 42. h5 e2+ 43. Ke1 Bc3+ 44. Kf2
e1=Q+ 45. Kf3 Qh1+ 46. Kf4 Qxa8 47. g5 hxg5+ 48. Kxg5 Qxa6 49. h6 gxh6+ 50.
Kh5 Ra5+ 51. Kg4 Qc4+ 52. Kf3 Bg7 53. Ke3 Ra3+ 54. Kd2 Qa2+ 55. Kc1 Rb3 56.
Kd1 Rb1# { White checkmated } 0-1

[Event "ICC tourney 2411 (45 10)"]
[Site "Internet Chess Club"]
[Date "2021.02.27"]
[Round "3"]
[White "KRISHNAN, ASHVATH:ashvathk5"]
[Black "HUA, OLIVER:oxdidi"]
[Result "1-0"]
[ICCResult "Black checkmated"]
[WhiteElo "1177"]
[BlackElo "993"]
[Opening "Ruy Lopez: Anderssen variation"]
[ECO "C77"]
[NIC "RL.12"]
[Time "16:03:08"]
[PlyCount "133"]
[TimeControl "2700+10"]

1. e4 e5 2. Nf3 Nc6 3. Bb5 a6 4. Ba4 Nf6 5. d3 b5 6. Bb3 Bc5 7. c3 h6 8.
O-O Bb7 9. Nbd2 O-O 10. Re1 Qe7 11. Nf1 Rfe8 12. Ng3 a5 13. Nf5 Qd8 14. Nd2
a4 15. Bc2 d5 16. Qf3 dxe4 17. dxe4 Ne7 18. Nxh6+ gxh6 19. Qxf6 Ng6 20. Qf3
Qd7 21. b3 Bc6 22. bxa4 bxa4 23. Nc4 Bf8 24. Qh5 Kh7 25. Rd1 Qe6 26. Nb2 a3
27. Nd3 Rad8 28. Re1 Bb5 29. Nb4 Nf4 30. Bxf4 exf4 31. e5+ Kg8 32. Re4 Bg7
33. Bb3 Qd7 34. Rxf4 Rxe5 35. Rxf7 Qd6 36. Rd7+ Kh7 37. Rxd6 Rxh5 38. Rxd8
Bxc3 39. Rad1 Bxb4 40. Bc2+ Kg7 41. Rb1 Re5 42. h3 Be7 43. Rb8 Bc4 44. Bb3
Bb5 45. Rg8+ Kh7 46. Rg3 Bh4 47. Rg4 Bg5 48. Bc2+ Kh8 49. f4 Rc5 50. fxg5
Rxc2 51. Rxb5 Rxa2 52. Rb8+ Kh7 53. gxh6 Ra1+ 54. Kh2 a2 55. Ra8 c5 56.
Rg7+ Kxh6 57. Rg3 Kh7 58. Ra4 c4 59. Ra7+ Kh6 60. Rc3 Kh5 61. Rxc4 Kh6 62.
Rg4 Rb1 63. Rxa2 Rb7 64. Ra6+ Kh5 65. Rag6 Rh7 66. R4g5+ Kh4 67. g3# {
Black checkmated } 1-0

[Event "ICC tourney 2411 (45 10)"]
[Site "Internet Chess Club"]
[Date "2021.02.27"]
[Round "3"]
[White "Traynor, Zach:ztraynor"]
[Black "SCHWARTZ, DOUGLAS S:Douglas1"]
[Result "1-0"]
[ICCResult "Black checkmated"]
[WhiteElo "1209"]
[BlackElo "997"]
[Opening "English: four knights, Capablanca variation"]
[ECO "A28"]
[NIC "EO.07"]
[Time "16:02:41"]
[PlyCount "155"]
[TimeControl "2700+10"]

1. Nf3 Nf6 2. c4 Nc6 3. Nc3 e5 4. d3 h6 5. g3 Bc5 6. Bg2 d6 7. a3 a5 8. Nd5
Nxd5 9. cxd5 Ne7 10. e4 c6 11. dxc6 Nxc6 12. O-O Be6 13. Be3 Bxe3 14. fxe3
Qb6 15. d4 exd4 16. exd4 O-O 17. Kh1 d5 18. exd5 Bxd5 19. Ne5 Bxg2+ 20.
Kxg2 Nxe5 21. dxe5 Qxb2+ 22. Kh3 Qxe5 23. Qb3 Qe6+ 24. Qxe6 fxe6 25. Rxf8+
Rxf8 26. Rb1 Rf7 27. Rb5 Re7 28. Rxa5 e5 29. Kg2 e4 30. Kf2 e3+ 31. Ke2 g5
32. Rb5 Kf7 33. Rb3 g4 34. Rxe3 Rxe3+ 35. Kxe3 Kf6 36. Kd4 Ke6 37. Kc5 Kd7
38. Kb6 Kc8 39. a4 Kb8 40. a5 h5 41. a6 bxa6 42. Kxa6 Kc7 43. Kb5 Kd6 44.
Kc4 Ke5 45. Kd3 Kd5 46. Ke3 Ke5 47. Kd3 Kf5 48. Kd4 Kg5 49. Ke4 h4 50. Ke5
hxg3 51. hxg3 Kg6 52. Kf4 Kh6 53. Kxg4 Kg6 54. Kf4 Kf6 55. Kg4 Kg6 56. Kf4
Kf6 57. g4 Kf7 58. Kf5 Kg7 59. Kg5 Kf7 60. Kh6 Ke6 61. g5 Kf7 62. Kh7 Ke6
63. g6 Kf6 64. g7 Ke5 65. g8=Q Ke4 66. Qg5 Kd4 67. Qf5 Kc4 68. Qe5 Kd3 69.
Qf4 Kc3 70. Qe4 Kb3 71. Qd4 Ka2 72. Qb6 Ka3 73. Kg6 Ka4 74. Kf5 Ka3 75. Ke4
Ka4 76. Kd4 Ka3 77. Kc3 Ka4 78. Qb4# { Black checkmated } 1-0

[Event "ICC tourney 2411 (45 10)"]
[Site "Internet Chess Club"]
[Date "2021.02.27"]
[Round "3"]
[White "SKARIAH, ANUSHKA ELIZABETH:kskariah"]
[Black "EKSTROM, ROLAND GABRIEL:EkstromVT2"]
[Result "1-0"]
[ICCResult "Black checkmated"]
[WhiteElo "1383"]
[BlackElo "851"]
[Opening "French: advance, Paulsen attack"]
[ECO "C02"]
[NIC "FR.03"]
[Time "16:02:39"]
[PlyCount "61"]
[TimeControl "2700+10"]

1. e4 e6 2. d4 d5 3. e5 c5 4. c3 Nc6 5. Nf3 Qb6 6. a3 a5 7. Bd3 cxd4 8.
cxd4 Nxd4 9. Nxd4 Qxd4 10. Bb5+ Bd7 11. Bxd7+ Kxd7 12. Qxd4 Rc8 13. Nc3 Ne7
14. O-O Nc6 15. Qf4 Be7 16. Na4 Bd8 17. Nc5+ Kc7 18. Qxf7+ Be7 19. Nxe6+
Kb8 20. Nxg7 Rhg8 21. Ne6 Rce8 22. Qxh7 Nxe5 23. Bf4 Bd6 24. Bxe5 Bxe5 25.
Nc5 Rg7 26. Qf5 Bc7 27. Nd7+ Ka7 28. Qxd5 Rh8 29. Qc5+ Ka8 30. Qxc7 Rhg8
31. Qxa5# { Black checkmated } 1-0

[Event "ICC tourney 2411 (45 10)"]
[Site "Internet Chess Club"]
[Date "2021.02.27"]
[Round "3"]
[White "LLANOS, ALEXANDER ADEE:alexanderllanos"]
[Black "GILILLAND, JESSE:ThirstyMonster"]
[Result "0-1"]
[ICCResult "White resigns"]
[WhiteElo "992"]
[BlackElo "1283"]
[Opening "Queen's pawn: London system"]
[ECO "A45"]
[NIC "QP.07"]
[Time "16:02:41"]
[PlyCount "102"]
[TimeControl "2700+10"]

1. d4 Nf6 2. Bf4 d5 3. e3 c5 4. c3 Nc6 5. Nf3 Bg4 6. Nbd2 Bf5 7. Bb5 a6 8.
Bxc6+ bxc6 9. dxc5 e6 10. b4 a5 11. Nd4 Qd7 12. Nxf5 exf5 13. a3 Ne4 14.
Nxe4 fxe4 15. O-O h5 16. h3 Be7 17. Be5 Qf5 18. Bd4 Bf6 19. f4 Rh6 20. Kh1
Rg6 21. Qe2 Ke7 22. a4 axb4 23. cxb4 Bxd4 24. exd4 Rg3 25. Kh2 Rd3 26. Rfe1
Qxf4+ 27. Kg1 Rxd4 28. b5 Rdxa4 29. Rxa4 Rxa4 30. bxc6 Rc4 31. Rf1 Rc1 32.
Rd1 Rxd1+ 33. Qxd1 Qe3+ 34. Kh1 Qxc5 35. Qxh5 Qc1+ 36. Kh2 Qxc6 37. Qg5+
Qf6 38. Qxd5 Qd6+ 39. Qxd6+ Kxd6 40. Kg1 Ke5 41. Kf1 f5 42. Ke2 Kf4 43. Kf2
g5 44. g3+ Ke5 45. Ke2 g4 46. hxg4 fxg4 47. Ke3 Kd5 48. Kd2 Kd4 49. Ke2 e3
50. Kd1 Kd3 51. Ke1 e2 { White resigns } 0-1

[Event "ICC tourney 2411 (45 10)"]
[Site "Internet Chess Club"]
[Date "2021.02.27"]
[Round "3"]
[White "PRABHU, VARUN:varunprabhu"]
[Black "RIZZO, THOMAS:twrchess"]
[Result "1-0"]
[ICCResult "Black resigns"]
[WhiteElo "725"]
[BlackElo "1378"]
[Opening "French defense"]
[ECO "C00"]
[NIC "FR.01"]
[Time "16:02:44"]
[PlyCount "105"]
[TimeControl "2700+10"]

1. e4 e6 2. Nf3 d5 3. d3 d4 4. c3 Nc6 5. cxd4 Nxd4 6. Qa4+ Nc6 7. Ne5 Bd7
8. Nf3 Ne5 9. Qd1 Bb4+ 10. Nc3 Nxf3+ 11. Qxf3 Qf6 12. Qxf6 Nxf6 13. e5 Nd5
14. Bd2 Bc6 15. f3 O-O 16. Be2 Bc5 17. Nxd5 Bxd5 18. Bc3 Be3 19. b4 Rac8
20. a4 c5 21. b5 Rfd8 22. a5 a6 23. bxa6 bxa6 24. Rb1 Rb8 25. Rb6 Rxb6 26.
axb6 Rb8 27. Ba5 Bc6 28. Bd1 Bb5 29. Ke2 Bd4 30. Bc2 Kf8 31. f4 h6 32. Rb1
Ke7 33. g4 Kd7 34. h4 Kc6 35. g5 hxg5 36. fxg5 Kb7 37. Kd2 Rh8 38. Rh1 Bc6
39. Rf1 Rf8 40. g6 Be8 41. Ba4 f6 42. Bxe8 Rxe8 43. exf6 Bxf6 44. h5 Rf8
45. Rh1 Rd8 46. h6 gxh6 47. Rg1 Rg8 48. Kc2 Bg5 49. Rf1 Rxg6 50. Rf7+ Kc6
51. b7 Rg8 52. Rc7+ Kb5 53. Rc8 { Black resigns } 1-0

[Event "ICC tourney 2411 (45 10)"]
[Site "Internet Chess Club"]
[Date "2021.02.27"]
[Round "3"]
[White "GRULICH, JOSHUA EDWARD:JoshuaGrulich"]
[Black "SAPRU, AGASTYA:auggie29"]
[Result "1-0"]
[ICCResult "Black forfeits on time"]
[WhiteElo "1026"]
[BlackElo "1306"]
[Opening "Sicilian: Alapin's variation (2.c3)"]
[ECO "B22"]
[NIC "SI.46"]
[Time "16:02:46"]
[PlyCount "81"]
[TimeControl "2700+10"]

1. e4 c5 2. c3 e6 3. d4 cxd4 4. cxd4 d5 5. Bb5+ Nc6 6. Nc3 a6 7. Bxc6+ bxc6
8. exd5 cxd5 9. Nf3 Nf6 10. Bg5 Be7 11. O-O O-O 12. Ne5 Bb7 13. Rc1 Nd7 14.
Bxe7 Qxe7 15. Nxd7 Qxd7 16. Na4 Qd6 17. Nc5 Bc6 18. Rc3 f6 19. f4 Rfe8 20.
Qh5 Bb5 21. Rf2 e5 22. fxe5 fxe5 23. Qf7+ Kh8 24. Nb7 Qe6 25. Rc7 Qxf7 26.
Rfxf7 exd4 27. h3 Rf8 28. Rxg7 Rf1+ 29. Kh2 d3 30. Rxh7+ Kg8 31. Rhg7+ Kf8
32. Rh7 Ke8 33. Nd6+ Kd8 34. Rb7 Rf8 35. Nf7+ Ke8 36. Nd6+ Kd8 37. b3 d2
38. a4 Bc6 39. Nf7+ Ke8 40. Nd6+ Kd8 41. Nf7+ { Black forfeits on time }
1-0

[Event "ICC tourney 2411 (45 10)"]
[Site "Internet Chess Club"]
[Date "2021.02.27"]
[Round "3"]
[White "SARAVANAN, ARYA:aryasaravanan"]
[Black "LA BRECHE, NATHANAEL JOHN:aWildNateDawg"]
[Result "1-0"]
[ICCResult "Black resigns"]
[WhiteElo "1214"]
[BlackElo "1165"]
[Opening "Scotch gambit"]
[ECO "C44"]
[NIC "SO.06"]
[Time "16:02:44"]
[PlyCount "111"]
[TimeControl "2700+10"]

1. e4 e5 2. Nf3 Nc6 3. d4 exd4 4. Bc4 h6 5. Nxd4 Nxd4 6. Qxd4 d6 7. Nc3 Nf6
8. Be3 Be7 9. O-O-O O-O 10. h3 Be6 11. Bxe6 fxe6 12. e5 Ne8 13. Qg4 Rf5 14.
Bxh6 Rxe5 15. h4 Kh8 16. Rd3 Bf6 17. Rg3 d5 18. Kb1 Qe7 19. Bg5 Nd6 20.
Qh5+ Kg8 21. Qg6 Rf8 22. f3 Nf5 23. Rg4 Qf7 24. Qxf7+ Kxf7 25. Bf4 Nh6 26.
Bxe5 Nxg4 27. Bxc7 Ne5 28. g4 Nxf3 29. g5 Nd2+ 30. Kc1 Bxc3 31. bxc3 Ne4
32. Rf1+ Ke7 33. Rxf8 Kxf8 34. Be5 g6 35. Kd1 Ke7 36. Ke2 Nd6 37. Kf3 Nf5
38. Kg4 Ne3+ 39. Kf4 Nxc2 40. h5 gxh5 41. g6 Kf8 42. Kg5 h4 43. Kxh4 Ne3
44. Kg5 Nf5 45. Kf6 Nh4 46. g7+ Kg8 47. Kxe6 Ng6 48. Kxd5 Ne7+ 49. Kd6 Nc6
50. Bd4 Nxd4 51. cxd4 Kxg7 52. Kc7 Kf8 53. Kxb7 a5 54. Kb6 a4 55. Kc7 Ke7
56. d5 { Black resigns } 1-0

[Event "ICC tourney 2411 (45 10)"]
[Site "Internet Chess Club"]
[Date "2021.02.27"]
[Round "4"]
[White "EKSTROM, ROLAND GABRIEL:EkstromVT2"]
[Black "SARVAIYA, ISHAN:ZebraGamer"]
[Result "1-0"]
[ICCResult "Black checkmated"]
[WhiteElo "851"]
[BlackElo "645"]
[Opening "QGD: 4.Bg5"]
[ECO "D50"]
[NIC "QO.16"]
[Time "18:31:27"]
[PlyCount "37"]
[TimeControl "2700+10"]

1. d4 Nf6 2. c4 e6 3. Nc3 d5 4. Bg5 dxc4 5. e3 Be7 6. Bxc4 O-O 7. Nf3 Ng4
8. Bxe7 Qxe7 9. O-O e5 10. Bd3 Qf6 11. Nd5 Qh6 12. Nxc7 e4 13. Bxe4 f5 14.
Bd5+ Kh8 15. Nxa8 f4 16. exf4 Rxf4 17. Qe2 Rxf3 18. Qe8+ Rf8 19. Qxf8# {
Black checkmated } 1-0

[Event "ICC tourney 2411 (45 10)"]
[Site "Internet Chess Club"]
[Date "2021.02.27"]
[Round "4"]
[White "WU, SEAN HAN:dum2020arEEEWS"]
[Black "MORE, NIKUNJ:Nikunjmore"]
[Result "1-0"]
[ICCResult "Black checkmated"]
[WhiteElo "907"]
[BlackElo "774"]
[Opening "French: advance, Paulsen attack"]
[ECO "C02"]
[NIC "FR.03"]
[Time "18:31:47"]
[PlyCount "101"]
[TimeControl "2700+10"]

1. e4 e6 2. d4 d5 3. e5 c5 4. c3 Nc6 5. Nf3 Qb6 6. Be2 Nh6 7. Bxh6 Qxb2 8.
Nbd2 gxh6 9. Qc1 Qxc1+ 10. Rxc1 c4 11. O-O b5 12. Rb1 b4 13. cxb4 Nxb4 14.
Rb2 c3 15. Rb3 cxd2 16. Nxd2 Nxa2 17. Rfb1 Bb4 18. Rxb4 Nxb4 19. Rxb4 Bd7
20. Nb3 O-O 21. Nc5 Bc6 22. Rb3 Rab8 23. Rg3+ Kh8 24. f3 Rg8 25. Rh3 Rg6
26. Bd3 f5 27. Nxe6 Rxe6 28. Bxf5 Rf6 29. exf6 Rb7 30. Rxh6 Bd7 31. Rxh7+
Kg8 32. Rxd7 Rxd7 33. Bxd7 a5 34. g4 Kf7 35. g5 Kf8 36. g6 Kg8 37. h4 a4
38. Bxa4 Kf8 39. Bc2 Ke8 40. h5 Kd7 41. h6 Ke6 42. g7 Kxf6 43. g8=Q Ke7 44.
Bf5 Kd6 45. Qe6+ Kc7 46. Qd7+ Kb6 47. Qxd5 Ka7 48. Qc6 Kb8 49. Qd7 Ka8 50.
Be4+ Kb8 51. Qb7# { Black checkmated } 1-0

[Event "ICC tourney 2411 (45 10)"]
[Site "Internet Chess Club"]
[Date "2021.02.27"]
[Round "4"]
[White "DELABRE, TONY:tdelabre62"]
[Black "TORRALVA, ANTHONY:chesslife06"]
[Result "1-0"]
[ICCResult "Black checkmated"]
[WhiteElo "1229"]
[BlackElo "1138"]
[Opening "Scotch game"]
[ECO "C45"]
[NIC "SO.04"]
[Time "18:31:20"]
[PlyCount "83"]
[TimeControl "2700+10"]

1. e4 e5 2. Nf3 Nc6 3. d4 exd4 4. Nxd4 Nxd4 5. Qxd4 d6 6. Nc3 Nf6 7. Bg5
Be7 8. O-O-O c5 9. Qe3 h6 10. Bxf6 Bxf6 11. e5 Bxe5 12. f4 O-O 13. fxe5 Re8
14. Qf4 Qg5 15. Qxg5 hxg5 16. exd6 Bg4 17. Bb5 Red8 18. Rd2 a6 19. Be2 Bxe2
20. Nxe2 b5 21. Rhd1 a5 22. Rd5 Rac8 23. Rxg5 Rc6 24. d7 Rc7 25. Rgd5 Kf8
26. Ng3 Ke7 27. Nf5+ Ke6 28. Nxg7+ Kf6 29. Nh5+ Kg6 30. g4 f6 31. Rd6 b4
32. h4 c4 33. Rxf6+ Kh7 34. Rfd6 c3 35. b3 a4 36. Nf6+ Kg7 37. Ne8+ Rxe8
38. dxe8=N+ Kf7 39. Nxc7 Ke7 40. Rd7+ Kf8 41. Re1 a3 42. Re8# { Black
checkmated } 1-0

[Event "ICC tourney 2411 (45 10)"]
[Site "Internet Chess Club"]
[Date "2021.02.27"]
[Round "4"]
[White "RAMPRASAD, UDBHAV:Udbhav10"]
[Black "RALLS, GREG:GRPianoman"]
[Result "0-1"]
[ICCResult "White resigns"]
[WhiteElo "650"]
[BlackElo "987"]
[Opening "Queen's pawn game"]
[ECO "A45"]
[NIC "QP.07"]
[Time "18:31:47"]
[PlyCount "46"]
[TimeControl "2700+10"]

1. d4 Nf6 2. d5 d6 3. Nc3 g6 4. e4 Bg7 5. f3 Nbd7 6. Bc4 b6 7. Nge2 Bb7 8.
O-O O-O 9. Bf4 Re8 10. Qd2 c6 11. dxc6 Bxc6 12. Bd5 Bxd5 13. Nxd5 Nxd5 14.
Qxd5 Bxb2 15. Rab1 Ba3 16. Qb3 Bc5+ 17. Kh1 e5 18. Bh6 Qh4 19. Bd2 a5 20.
Qd5 Rac8 21. g3 Qh3 22. f4 Nf6 23. Qb7 Ng4 { White resigns } 0-1

[Event "ICC tourney 2411 (45 10)"]
[Site "Internet Chess Club"]
[Date "2021.02.27"]
[Round "4"]
[White "HAN, DANIEL YUHAO:DanielHan"]
[Black "Hu, Ruyi:Ruyi"]
[Result "0-1"]
[ICCResult "White resigns"]
[WhiteElo "598"]
[BlackElo "357"]
[Opening "Ruy Lopez: Caro variation"]
[ECO "C70"]
[NIC "RL.09"]
[Time "18:31:22"]
[PlyCount "72"]
[TimeControl "2700+10"]

1. e4 e5 2. Nf3 Nc6 3. Bb5 a6 4. Ba4 b5 5. Bb3 Nf6 6. O-O Bc5 7. c3 d6 8.
d4 exd4 9. cxd4 Bb6 10. Ng5 O-O 11. Re1 Nxd4 12. Be3 Nxb3 13. axb3 Bxe3 14.
Rxe3 h6 15. Nf3 Re8 16. Nc3 b4 17. Nd5 Ng4 18. Re2 c5 19. h3 Nf6 20. Nxf6+
Qxf6 21. h4 Bg4 22. Qd3 Bxf3 23. gxf3 a5 24. Rd2 Red8 25. h5 Qg5+ 26. Kf1
Qxh5 27. Ke2 d5 28. exd5 Re8+ 29. Kd1 Qh1+ 30. Kc2 Qxa1 31. Rd1 Qa2 32. Qf1
a4 33. Ra1 Qxb3+ 34. Kc1 Qxd5 35. Qg2 Re1+ 36. Kc2 b3+ { White resigns }
0-1

[Event "ICC tourney 2411 (45 10)"]
[Site "Internet Chess Club"]
[Date "2021.02.27"]
[Round "4"]
[White "SCHWARTZ, DOUGLAS S:Douglas1"]
[Black "GUO, RYAN:SMILERG"]
[Result "0-1"]
[ICCResult "White resigns"]
[WhiteElo "997"]
[BlackElo "1283"]
[Opening "Evans gambit declined"]
[ECO "C51"]
[NIC "IG.05"]
[Time "18:31:11"]
[PlyCount "44"]
[TimeControl "2700+10"]

1. e4 e5 2. Nf3 Nc6 3. Bc4 Bc5 4. b4 Bb6 5. a3 Nf6 6. d3 d6 7. Nc3 Bg4 8.
Nd5 Nxd5 9. Bxd5 O-O 10. Bxc6 bxc6 11. h3 Bh5 12. O-O Qf6 13. Be3 d5 14.
Bxb6 cxb6 15. exd5 cxd5 16. Re1 Rfe8 17. g4 Bg6 18. Nh2 e4 19. Qe2 h6 20.
dxe4 Rxe4 21. Qd2 Rae8 22. Rxe4 Qxa1+ { White resigns } 0-1

[Event "ICC tourney 2411 (45 10)"]
[Site "Internet Chess Club"]
[Date "2021.02.27"]
[Round "4"]
[White "GILILLAND, JESSE:ThirstyMonster"]
[Black "KRISHNAN, ASHVATH:ashvathk5"]
[Result "1-0"]
[ICCResult "Black checkmated"]
[WhiteElo "1283"]
[BlackElo "1177"]
[Opening "QGD"]
[ECO "D30"]
[NIC "QP.08"]
[Time "18:31:39"]
[PlyCount "209"]
[TimeControl "2700+10"]

1. d4 d5 2. c4 e6 3. Nf3 Nf6 4. Bg5 Nbd7 5. cxd5 exd5 6. Nc3 c6 7. e3 Qa5
8. Nd2 Bd6 9. Bd3 Qc7 10. Rc1 O-O 11. Nb5 Qb8 12. Nxd6 Qxd6 13. Bf4 Qe7 14.
h3 Re8 15. O-O Ne4 16. Qc2 Nxd2 17. Qxd2 Nf6 18. Bg5 h6 19. Bh4 Qe6 20.
Bxf6 Qxf6 21. b4 Qg5 22. Kh2 Bf5 23. Bxf5 Qxf5 24. Qc2 Qe6 25. Qc5 Rec8 26.
b5 cxb5 27. Qxb5 b6 28. Kg1 Qd6 29. Qb2 Qe6 30. Qa3 Qd7 31. Rfd1 g6 32. Rd3
Qf5 33. Rdc3 Rxc3 34. Qxc3 Qe6 35. Qc6 Qxc6 36. Rxc6 Rd8 37. Rc7 a5 38. Rc6
Rb8 39. Rd6 b5 40. Rxd5 a4 41. Rc5 b4 42. Rc2 Kf8 43. Kf1 Ke7 44. Ke2 Kd6
45. Kd3 f5 46. f3 b3 47. axb3 Rxb3+ 48. Rc3 Rb2 49. Ra3 Rxg2 50. Rxa4 Rg3
51. Ke2 Kc7 52. Ra6 h5 53. h4 g5 54. hxg5 Rxg5 55. Rh6 Kd7 56. Kf2 Ke7 57.
f4 Rg7 58. Rxh5 Kf6 59. Kf3 Re7 60. Rh6+ Kg7 61. Rd6 Kf7 62. Rd5 Kf6 63.
Re5 Rh7 64. e4 fxe4+ 65. Kxe4 Rh1 66. Rf5+ Kg6 67. Re5 Re1+ 68. Kd5 Ra1 69.
f5+ Kf6 70. Kc6 Rc1+ 71. Rc5 Rd1 72. Rd5 Rc1+ 73. Kd6 Rc8 74. Re5 Rd8+ 75.
Kc5 Rc8+ 76. Kb4 Rb8+ 77. Kc4 Rc8+ 78. Kd5 Rd8+ 79. Ke4 Rh8 80. Re6+ Kf7
81. Ke5 Rh1 82. d5 Re1+ 83. Kd6 Rf1 84. f6 Ra1 85. Kc7 Rc1+ 86. Kd7 Ra1 87.
Kd6 Ra6+ 88. Ke5 Ra1 89. Re7+ Kf8 90. Ke6 Ra6+ 91. d6 Ra1 92. Rf7+ Ke8 93.
d7+ Kd8 94. Rf8+ Kc7 95. d8=Q+ Kc6 96. Qd6+ Kb5 97. Qe5+ Kb4 98. Qxa1 Kb3
99. Rb8+ Kc2 100. Qb2+ Kd3 101. Rd8+ Ke4 102. Qe5+ Kf3 103. Rd3+ Kg4 104.
Rg3+ Kh4 105. Qg5# { Black checkmated } 1-0

[Event "ICC tourney 2411 (45 10)"]
[Site "Internet Chess Club"]
[Date "2021.02.27"]
[Round "4"]
[White "VALIVETI, SRIRAMSIMHA:svaliveti"]
[Black "Traynor, Zach:ztraynor"]
[Result "0-1"]
[ICCResult "White checkmated"]
[WhiteElo "453"]
[BlackElo "1209"]
[Opening "Caro-Kann defense"]
[ECO "B11"]
[NIC "CK.01"]
[Time "18:31:16"]
[PlyCount "54"]
[TimeControl "2700+10"]

1. e4 c6 2. Nc3 d5 3. exd5 cxd5 4. d4 Nf6 5. Nf3 Bg4 6. Be2 Nc6 7. O-O e6
8. Ne5 Bxe2 9. Nxe2 Bd6 10. Bf4 Qc7 11. Nxc6 bxc6 12. Bxd6 Qxd6 13. Ng3 g6
14. b3 Rc8 15. c4 dxc4 16. bxc4 Rd8 17. Ne2 Ng4 18. g3 h5 19. c5 Qe7 20.
Qa4 Qc7 21. Rab1 h4 22. Qb4 hxg3 23. fxg3 Rxh2 24. Nf4 g5 25. Ng2 Qxg3 26.
Rb2 Rh1+ 27. Kxh1 Qh2# { White checkmated } 0-1

[Event "ICC tourney 2411 (45 10)"]
[Site "Internet Chess Club"]
[Date "2021.02.27"]
[Round "4"]
[White "AHN, WILLIAM TK:kitook"]
[Black "SURIYAPRAKASH, SHRUTI:shrutisuriya"]
[Result "0-1"]
[ICCResult "White resigns"]
[WhiteElo "659"]
[BlackElo "898"]
[Opening "Caro-Kann: exchange variation"]
[ECO "B13"]
[NIC "CK.02"]
[Time "18:31:32"]
[PlyCount "110"]
[TimeControl "2700+10"]

1. e4 c6 2. d4 d5 3. exd5 cxd5 4. Bd3 Nf6 5. Bf4 e6 6. Nf3 Bd6 7. Bxd6 Qxd6
8. Nc3 Nc6 9. Nb5 Qd8 10. O-O O-O 11. Re1 Qb6 12. Qd2 Re8 13. c4 Bd7 14.
Ne5 a6 15. Nxd7 Nxd7 16. c5 Qd8 17. Nd6 Re7 18. Nxb7 Qc7 19. Nd6 a5 20. Re3
Nf6 21. Rh3 Nb4 22. a3 Nxd3 23. Qxd3 Qc6 24. g4 Ne4 25. f3 Ng5 26. Rh5 h6
27. h4 Nh7 28. g5 Nf8 29. gxh6 g6 30. Rg5 e5 31. h5 e4 32. fxe4 dxe4 33.
Qg3 Re6 34. d5 Qxc5+ 35. Kh1 Rxd6 36. Rg1 Rc8 37. hxg6 fxg6 38. Qe5 Rc7 39.
R1g4 Qc1+ 40. Rg1 Qc5 41. Qh2 Rh7 42. Qh5 Qb6 43. Qh2 Rdd7 44. Qh5 Rxh6 45.
Qxh6 Rh7 46. Rxg6+ Nxg6 47. Qxh7+ Kxh7 48. Rd1 Qxb2 49. d6 Nf4 50. Rg1 Qd4
51. Rg4 Qxd6 52. Rh4+ Kg6 53. Rg4+ Kh5 54. Rg3 Qd1+ 55. Rg1 Qf3+ { White
resigns } 0-1

[Event "ICC tourney 2411 (45 10)"]
[Site "Internet Chess Club"]
[Date "2021.02.27"]
[Round "4"]
[White "RIZZO, THOMAS:twrchess"]
[Black "YADHUNANDAN, ADIDEV:Yadhunandan"]
[Result "1-0"]
[ICCResult "Black checkmated"]
[WhiteElo "1378"]
[BlackElo "796"]
[Opening "English: four knights system"]
[ECO "A28"]
[NIC "EO.08"]
[Time "18:31:15"]
[PlyCount "111"]
[TimeControl "2700+10"]

1. c4 e5 2. Nc3 Nc6 3. Nf3 Nf6 4. d4 exd4 5. Nxd4 Bb4 6. e3 Ne4 7. Qd3 Nxc3
8. bxc3 Bc5 9. Be2 O-O 10. O-O Bd6 11. Nf5 Qf6 12. Nxd6 Qxd6 13. Qxd6 cxd6
14. Ba3 Re8 15. Bxd6 Re6 16. Rfd1 b6 17. Rd2 Na5 18. Rad1 Nb7 19. Bg3 Nc5
20. Bf3 Bb7 21. Bxb7 Nxb7 22. Rxd7 Nc5 23. Rd8+ Re8 24. Rxa8 Rxa8 25. Be5
f6 26. Bd4 Na4 27. Rb1 a5 28. Kf1 Rc8 29. Ke2 Rxc4 30. Kd3 Rc8 31. Rb3 Rd8
32. Kc2 Kf7 33. Bxb6 Nxb6 34. Rxb6 g5 35. Ra6 Rd5 36. a4 h5 37. Rb6 Rf5 38.
f3 g4 39. Rb5 gxf3 40. gxf3 Rxf3 41. Rxh5 Rxe3 42. Rh4 f5 43. Kd2 Rf3 44.
c4 Kg6 45. c5 Kg5 46. Rc4 Rh3 47. c6 Rxh2+ 48. Ke3 Rh4 49. Rxh4 Kxh4 50.
Kf3 Kg5 51. c7 f4 52. c8=Q Kh4 53. Qa6 Kh3 54. Qxa5 Kh2 55. Qg5 Kh1 56.
Qg2# { Black checkmated } 1-0

[Event "ICC tourney 2411 (45 10)"]
[Site "Internet Chess Club"]
[Date "2021.02.27"]
[Round "4"]
[White "HUA, OLIVER:oxdidi"]
[Black "SKARIAH, ANUSHKA ELIZABETH:kskariah"]
[Result "0-1"]
[ICCResult "White resigns"]
[WhiteElo "993"]
[BlackElo "1383"]
[Opening "French: advance, Paulsen attack"]
[ECO "C02"]
[NIC "FR.03"]
[Time "18:31:12"]
[PlyCount "146"]
[TimeControl "2700+10"]

1. e4 e6 2. d4 d5 3. e5 c5 4. c3 Nc6 5. Nf3 Qb6 6. Be2 Bd7 7. O-O Nge7 8.
Re1 cxd4 9. cxd4 Nf5 10. Be3 Nxe3 11. fxe3 Qxb2 12. Nbd2 Qb6 13. Rb1 Qc7
14. Qb3 Rb8 15. Rec1 Be7 16. a4 O-O 17. Qd3 Qd8 18. Bd1 Nb4 19. Qb3 a5 20.
Ne1 f6 21. Nd3 Bxa4 22. Qxa4 Nxd3 23. Rc3 Nb4 24. Ra1 fxe5 25. dxe5 b6 26.
Bg4 d4 27. Bxe6+ Kh8 28. Rb3 dxe3 29. Nc4 b5 30. Qxa5 bxc4 31. Bxc4 Ra8 32.
Qxa8 Qxa8 33. Rxa8 Rxa8 34. Rxe3 Bc5 35. Kf2 Bxe3+ 36. Kxe3 Re8 37. e6 g6
38. Ke4 Kg7 39. Ke5 Nc6+ 40. Kd5 Ne7+ 41. Kd6 Kf6 42. Kd7 Rb8 43. g4 Rb4
44. g5+ Kxg5 45. Kxe7 Rxc4 46. Kf7 Rc7+ 47. e7 h5 48. Kf8 Rc8+ 49. e8=Q
Rxe8+ 50. Kxe8 Kh4 51. Kf7 g5 52. Kf6 g4 53. Kf5 Kh3 54. Kf4 h4 55. Kg5 g3
56. hxg3 hxg3 57. Kf4 g2 58. Kf3 g1=Q 59. Ke4 Qf2 60. Kd3 Qe1 61. Kc2 Kg3
62. Kd3 Kf3 63. Kd4 Qe2 64. Kd5 Qe4+ 65. Kd6 Qf5 66. Ke7 Qg6 67. Kf8 Qh7
68. Ke8 Qg7 69. Kd8 Qf7 70. Kc8 Qe7 71. Kb8 Ke4 72. Kc8 Kd5 73. Kb8 Kc6 {
White resigns } 0-1